 Dungeon Crawl Stone Soup version 0.28.0-49-g6dfe1f597d (webtiles) character file.

Game seed: 3092322742333393470

444 101zpm the Magician (level 7, -8/45 HPs)
             Began as a Djinni Fire Elementalist on May 11, 2022.
             Mangled by a hornet (15 damage)
             ... on level 5 of the Dungeon.
             The game lasted 00:05:41 (4253 turns).

101zpm the Magician (Djinni Fire Elementalist)      Turns: 4253, Time: 00:05:41

Health: -8/45      AC:  2    Str:  7    XL:     7   Next: 23%
Gold:   133        EV: 12    Int: 19    God:
                   SH:  0    Dex: 13

rFire   + + .      SeeInvis .   (no weapon)
rCold   x . .      Faith    .   (no shield)
rNeg    . . .      Spirit   .   a - +0 robe
rPois   ∞          Reflect  .   (no helmet)
rElec   .          Harm     .   (no cloak)
rCorr   .          Rampage  .   (no gloves)
Will    .....                   (boots unavailable)
Stlth   ++........              (no amulet)
HPRegen 0.15/turn               (no ring)
MPRegen 0.00/turn               (no ring)

@: flying, hasted, very quick
A: sickness immunity, fire resistance 2, cold vulnerability 1, float, innate
caster, HP casting, extra vitality 1
a: no special abilities


You were on level 5 of the Dungeon.
You visited 1 branch of the dungeon, and saw 5 of its levels.

You collected 133 gold pieces.

Inventory:

Armour
 a - a +0 robe (worn)
Scrolls
 b - a scroll of summoning {unknown}
 c - 3 scrolls of identify {unknown}
 d - a scroll of torment {unknown}
 e - a scroll of vulnerability {unknown}
 f - 2 scrolls of enchant armour {unknown}
 i - a scroll of enchant weapon {unknown}
 j - 2 scrolls of blinking {unknown}
 l - a scroll of amnesia {unknown}
 n - a scroll of holy word {unknown}
 p - a scroll of noise {unknown}
Potions
 g - a potion of might {unknown}
 h - a potion of magic {unknown}
 k - a potion of haste
 m - a potion of attraction {unknown}
 o - a potion of degeneration {unknown}


   Skills:
 + Level 2.5 Dodging
 + Level 2.4 Stealth
 + Level 5.6 Spellcasting


You couldn't memorise any spells.
You knew the following spells:

 Your Spells              Type           Power      Damage    Failure   Level
a - Foxfire               Conj/Fire      100%       2x1d9     1%          1
b - Scorch                Fire           52%        2d8       1%          2
c - Conjure Flame         Conj/Fire      26%        6-21      3%          3
d - Inner Flame           Hex/Fire       26%        N/A       3%          3
e - Flame Wave            Conj/Fire      26%        2d7       12%         4
f - Magic Dart            Conj           100%       1d8       1%          1
g - Searing Ray           Conj           52%        2d6       1%          2
h - Wereblood             Tmut           26%        N/A       1%          2
Your spell library was empty.

Dungeon Overview and Level Annotations

Branches:
Dungeon (5/15)
 Temple: D:4-7

Altars:
Ru
Uskayaw
The Shining One

Shops:
D:2 ((

Annotations:
D:4 Natasha


Innate Abilities, Weirdness & Mutations

You are immune to sickness and miasma.
You are immune to poison.
Your flesh is very heat resistant. (rF++)
You are vulnerable to cold. (rC-)
You float through the air rather than walking.
You learn spells naturally, not from books.
Your magical power is your life essence.
You have superior vitality. (+4 MHP)


Message History

Confirm with . or Enter, or press ? or * to list all spells.
Aiming: Inner Flame (dangerous; 3% risk of failure)
Press: ? - help, Dir - move target, f - hornet
Aim: a hornet (wandering, hasn't noticed you, chance to affect: 74%)
The hornet buzzes angrily.
The hornet is filled with an inner flame.
Your foxfire dissipates! x2
You are too injured to fight recklessly!
Casting: Foxfire (safe; 1% risk of failure)
Press: ? - help, Q - select action, (/) - cycle Dir - look around, f - activate You conjure some foxfire!
Casting: Foxfire (safe; 1% risk of failure)
Press: ? - help, Q - select action, (/) - cycle Dir - look around, f - activate You conjure some foxfire!
Casting: Foxfire (safe; 1% risk of failure)
Confirm with . or Enter, or press ? or * to list all spells.
Flames lash the hornet.
Flame seeps out of the hornet.
The hornet is lightly wounded.
The hornet's fire resistance burns away.
* * * LOW HITPOINT WARNING * * *
The foxfire hits the hornet.
Flame seeps out of the hornet.
The hornet is lightly wounded.
The hornet is engulfed in blazing flames.
Flame seeps out of the hornet.
Casting: Scorch (safe; 1% risk of failure)
Confirm with . or Enter, or press ? or * to list all spells.
Flames lash the hornet.
The hornet is burned terribly!
Flame seeps out of the hornet.
The hornet is heavily wounded.
* * * LOW HITPOINT WARNING * * *
The hornet stings you.
* * * LOW HITPOINT WARNING * * *
The foxfire hits the hornet but does no damage.
The hornet is heavily wounded.
The foxfire hits the hornet but does no damage.
The hornet is heavily wounded.
The foxfire hits the hornet but does no damage.
The hornet is heavily wounded.
It was a potion of haste.
You feel yourself speed up. The hornet stings you!
You die...

### #.# #### ###
###.###..##
##.#####.......(.##
#...##......##....#
#.@§#..............
#.§y##......#.....#
#...§#........#......
.......#......#.......#
#.".§.§.##.....#......##
##..#)..##.....#........
#..###○..##...#.........
... #... ...###........
#.. #.... #........


You could see a hornet (inner flame, combustible).

Vanquished Creatures
  A phantom (D:5)
  A bullfrog zombie (D:5)
  An orc priest (D:5)
  A hound (D:4)
  A bullfrog skeleton (D:4)
  Natasha (twice) (D:4)
  3 orc wizards (D:5)
  A killer bee zombie (D:5)
  A hound skeleton (D:5)
  5 adders
  A worm (D:3)
  3 dart slugs
  10 orcs
  A bat (D:3)
  An endoplasm (D:1)
  2 goblins
  2 hobgoblins (D:3)
  A quokka (D:2)
  2 ball pythons (D:2)
  4 kobolds
  4 rats
48 creatures vanquished.

Vanquished Creatures (others)
  307 foxfires
307 creatures vanquished.

Grand Total: 355 creatures vanquished

Notes
Turn   | Place    | Note
-------+----------+-------------------------------------------
     0 | D:1      | 101zpm the Djinni Fire Elementalist began the quest for the
                  | Orb.
     0 | D:1      | Reached XP level 1. HP: 15/15 MP: 0/0
   549 | D:2      | Found Entusesu's Antique Weapon Boutique.
   565 | D:2      | Reached XP level 2. HP: 15/21 MP: 0/0
  1004 | D:2      | Reached skill level 3 in Spellcasting
  1004 | D:2      | Reached XP level 3. HP: 10/25 MP: 0/0
  1004 | D:2      | Learned a level 1 spell: Magic Dart
  1286 | D:2      | Found Wunust's Weapon Emporium.
  1974 | D:3      | Found a glowing golden altar of the Shining One.
  1993 | D:3      | Found a sacrificial altar of Ru.
  1996 | D:3      | Found a hide-covered altar of Uskayaw.
  2101 | D:3      | Reached XP level 4. HP: 29/31 MP: 0/0
  2872 | D:4      | Reached skill level 4 in Spellcasting
  2872 | D:4      | Reached XP level 5. HP: 22/35 MP: 0/0
  2872 | D:4      | Learned a level 2 spell: Searing Ray
  3376 | D:4      | Noticed Natasha
  3382 | D:4      | Killed Natasha
  3404 | D:4      | Noticed Natasha
  3411 | D:4      | Killed Natasha
  3412 | D:4      | Reached XP level 6. HP: 24/40 MP: 0/0
  3581 | D:4      | Noticed Natasha
  3587 | D:5      | Entered Level 5 of the Dungeon
  3602 | D:5      | Reached skill level 5 in Spellcasting
  3951 | D:5      | Reached XP level 7. HP: 37/45 MP: 0/0
  3951 | D:5      | Learned a level 2 spell: Wereblood
  4246 | D:5      | Noticed a hornet
  4253 | D:5      | Mangled by a hornet

Illustrated notes

Levels and vault maps discovered:
D:1:      moated_graveyard_arrival, layout_basic, shapermc_ecumenical_altar_venn
D:2:      layout_basic, serial_shops, nicolae_shop_statue_plus, shop,
          nicolae_shop_statue_plus, shop_coins, basic_altar, minivault_27,
          minmay_rat_hole
D:3:      layout_basic, grunt_temple_overflow_diamond
D:4:      layout_basic, gup_sewer_entry_spiral, uniq_natasha
D:5:      layout_cave_pools, minmay_temple_entry_nine_rooms, uniq_blork_the_orc

Skill      XL: |  1  2  3  4  5  6 |
---------------+-------------------+-----
Spellcasting   | 3 4 5 |  5.6
Stealth        | 2 |  2.4
Dodging        | |  2.5

Action                   |  1- 3 |  4- 6 |  7- 9 || total
-------------------------+-------+-------+-------++-------
 Cast: Foxfire           |    78 |    84 |    24 ||   186
       Scorch            |     3 |    13 |     4 ||    20
       Inner Flame       |       |     8 |     5 ||    13
  Use: Potion            |       |       |     1 ||     1
Dodge: Dodged            |     4 |     2 |       ||     6
